 Dungeon Crawl Stone Soup version 0.29-a0-362-g5854e031c7 (webtiles) character file.

Game seed: 5418610060364566303

392 ytrimaz the Covert (level 6, -7/39 HPs)
             Began as an Octopode Brigand on Apr 29, 2022.
             Was an Initiate of Ashenzari.
             Mangled by a phantom (8 damage)
             ... on level 4 of the Dungeon.
             The game lasted 00:04:30 (3580 turns).

ytrimaz the Covert (Octopode Brigand)               Turns: 3580, Time: 00:04:31

Health: -7/39      AC:  1    Str: 10    XL:     6   Next: 80%
Magic:  6/6        EV: 13    Int: 15    God:    Ashenzari [......]
Gold:   163        SH:  0    Dex: 14    Spells: 5/5 levels left

rFire   + . .      SeeInvis .   a - +2 dagger (vamp)
rCold   . . .      Faith    .   (no shield)
rNeg    + . .      Spirit   .   (helmet restricted)
rPois   .          Reflect  .   u - amulet of magic regeneration
rElec   .          Harm     .   m - ring of positive energy
rCorr   .          Rampage  .   v - ring of protection from fire
Will    .....                   (no ring)
Stlth   +++++.....              (no ring)
HPRegen 0.13/turn               (no ring)
MPRegen 0.50/turn               (no ring)
                                (no ring)
                                (no ring)

@: brilliant
A: almost no armour, amphibious, 8 rings, camouflage 1, gelatinous body 1,
(nimble swimmer 1), tentacles
a: Renounce Religion


You were on level 4 of the Dungeon.
You worshipped Ashenzari.
Ashenzari was noncommittal.
You visited 2 branches of the dungeon, and saw 6 of its levels.

You collected 163 gold pieces.

Inventory:

Hand Weapons
 a - a +2 vampiric dagger (weapon)
Missiles
 b - 9 poisoned darts
 c - 3 curare-tipped darts
Jewellery
 m - a ring of positive energy (left tentacle)
 u - an amulet of magic regeneration (around mantle)
 v - a ring of protection from fire (right tentacle)
Wands
 j - a wand of polymorph (5)
 r - a wand of iceblast (2) (quivered)
Scrolls
 d - a scroll of enchant armour
 e - a scroll of torment
 f - a scroll of enchant weapon
 n - 2 scrolls of amnesia
 o - a scroll of immolation
 t - a scroll of fear
Potions
 q - a potion of degeneration {unknown}


   Skills:
 - Level 2.0 Fighting
 + Level 3.9 Short Blades
 + Level 2.2 Throwing
 + Level 1.6 Dodging
 + Level 9.5 Stealth
 + Level 0.2 Evocations


You had 5 spell levels left.
You didn't know any spells.
Your spell library was empty.

Dungeon Overview and Level Annotations

Branches:
Dungeon (5/15)             Temple (1/1) D:4

Altars:
Ashenzari
Cheibriados
Dithmenos
Elyvilon
Fedhas
Gozag
Hepliaklqana
Kikubaaqudgha
Makhleb
Okawaru
Qazlal
Ru
Sif Muna
Trog
Uskayaw
Vehumet
Wu Jian
Xom
Yredelemnul
Zin
The Shining One


Innate Abilities, Weirdness & Mutations

You cannot wear most types of armour.
You are amphibious.
You can wear up to eight rings at the same time.
Your skin changes colour to match your surroundings (Stealth+).
Your rubbery body absorbs attacks. (AC +1, EV +1)
((You are camouflaged when in or above water. (Stealth+)))
You have tentacles for arms and can constrict up to eight enemies at once.


Message History

The phantom hits you but does no damage.
You hit the phantom.
The phantom is moderately damaged.
The phantom hits you but does no damage.
You hit the phantom.
The phantom is heavily damaged.
The phantom hits you but does no damage.
You hit the phantom but do no damage.
The phantom is heavily damaged.
The phantom hits you.
* * * LOW HITPOINT WARNING * * *
You hit the phantom.
The phantom is heavily damaged.
You miss the phantom.
The phantom is heavily damaged.
The phantom hits you but does no damage.
You closely miss the phantom.
The phantom is heavily damaged.
The phantom hits you.
* * * LOW HITPOINT WARNING * * *
You hit the phantom but do no damage.
The phantom is heavily damaged.
The phantom hits you.
* * * LOW HITPOINT WARNING * * *
You hit the phantom but do no damage.
The phantom is heavily damaged.
The phantom hits you but does no damage.
You hit the phantom.
The phantom is severely damaged.
Unknown command.
It was a potion of cancellation.
Your magical effects are unravelling.
You feel magically purged.
You feel less wooden. The phantom barely misses you.
Unknown command.
It was a potion of brilliance.
You feel clever all of a sudden. The phantom hits you!
You die...

#..§≈≈.......#*..,,,,,*,,,,,,,,,,
#.≈§§§≈......#...,,.,..,,,**,,,,,
#≈≈≈≈≈≈≈.....#.##.....,,,**,,,**,
#≈≈§>≈≈§...........#.,,,,,,,,,,**
.≈§≈≈≈§§............,<,,,,*,**,*
..≈≈§≈≈......##..#.#,,,,*,,,,,,**
...§§≈.!.....#..*..#,*,***,,,..,,
........>....#.##.#*,*,* *,,*#.##
.....####..#.#.W@.#*,*,******#...
.....# #..)....####,*,,* *#..
.....# ##.).........#*,* #..
.....# #.#....#...##*,* *#.
.....#* #.#.#..#.#...*,* #.
......#**#.#.#....#*#.,,** ##
...##..*,..#......# ***,,* ##
####**,,,$........# **,******#.
***.....#....# *,,,,,,,,#.


You could see a phantom.

Vanquished Creatures
  An ogre (D:4)
  A necrophage (D:4)
  A jelly (D:4)
  An orc priest (D:4)
  3 orc wizards
  2 adders
  An ufetubus (D:4)
  3 worms
  3 dart slugs (D:1)
  6 orcs
  6 bats
  7 endoplasms
  A giant cockroach (D:3)
  8 goblins
  2 hobgoblins
  3 quokkas (D:1)
  7 ball pythons
  6 frilled lizards
  6 kobolds
  A rat (D:2)
69 creatures vanquished.

Notes
Turn   | Place    | Note
-------+----------+-------------------------------------------
     0 | D:1      | ytrimaz the Octopode Brigand began the quest for the Orb.
     0 | D:1      | Reached XP level 1. HP: 14/14 MP: 1/1
   131 | D:1      | Reached XP level 2. HP: 17/19 MP: 2/2
   160 | D:1      | Reached skill level 6 in Stealth
   412 | D:1      | Reached XP level 3. HP: 19/24 MP: 3/3
   730 | D:1      | Found a faded altar of an unknown god.
  1401 | D:2      | Reached skill level 7 in Stealth
  1896 | D:2      | Reached XP level 4. HP: 19/29 MP: 4/4
  2639 | D:3      | Reached XP level 5. HP: 33/34 MP: 5/5
  2643 | D:3      | Reached skill level 8 in Stealth
  2912 | D:4      | Noticed a phantom
  2936 | D:4      | HP: 1/34 [phantom (2)]
  3285 | D:4      | Found a staircase to the Ecumenical Temple.
  3298 | Temple   | Entered the Ecumenical Temple
  3457 | Temple   | Became a worshipper of Ashenzari the Shackled
  3513 | D:4      | Noticed an ogre
  3522 | D:4      | Killed an ogre
  3523 | D:4      | Reached skill level 9 in Stealth
  3523 | D:4      | Reached XP level 6. HP: 39/39 MP: 6/6
  3547 | D:5      | Entered Level 5 of the Dungeon
  3576 | D:4      | HP: 2/58 [phantom (3)]
  3580 | D:4      | Mangled by a phantom

Illustrated notes

Levels and vault maps discovered:
D:1:      amcnicky_arrival_abandoned_market, layout_loops_cross,
          hellmonk_ecumenical_altar_inner_sanctum
D:2:      layout_loops_corners
D:3:      layout_rooms
D:4:      wander_river, layout_rooms, minmay_temple_entry_mist,
          chequers_serial_rivers_room_b, uniq_edmund, uniq_crazy_yiuf_cottage
D:5:      layout_loops_cross
Temple:   minmay_crystal_snake_temple

Skill      XL: |  1  2  3  4  5 |
---------------+----------------+-----
Stealth        | 6 7 9 |  9.5
Short Blades   | 3 |  3.9
Fighting       | |  2.0
Throwing       | |  2.2
Dodging        | |  1.6
Evocations     | |  0.2

Action                   |  1- 3 |  4- 6 || total
-------------------------+-------+-------++-------
Melee: Dagger            |    69 |    75 ||   144
       Constrict         |    15 |    11 ||    26
       Tentacles         |     7 |     9 ||    16
       Punch             |       |     1 ||     1
Evoke: Wand              |       |     3 ||     3
  Use: Scroll            |     2 |     7 ||     9
       Potion            |       |     5 ||     5
 Stab: Sleeping          |    15 |    14 ||    29
       Distracted        |       |     2 ||     2
Armor: Skin              |     9 |    12 ||    21
Dodge: Dodged            |    31 |    30 ||    61

Table legend: (Time is in decaauts)
 A = Elapsed time spent in this place.
 B = Non-inter-level travel time spent in this place.
 C = Inter-level travel time spent in this place.
 D = Time resting spent in this place.
 E = Time spent auto-exploring this place.
 F = Levels seen in this place.
 G = Mean time per level.
                   A        B        C        D        E       F      G
               +--------+--------+--------+--------+--------+-----+--------+
         Total |   3541 |   3398 |    143 |    285 |   2515 |   6 |  590.2 |
       Dungeon |   3344 |   3237 |    107 |    285 |   2375 |   5 |  668.8 |
        Temple |    196 |    160 |     36 |      0 |    140 |   1 |  196.0 |
               +--------+--------+--------+--------+--------+-----+--------+

Top non-repeatable levels by time:
     D:2: 1169 daAuts
     D:1: 1041 daAuts
     D:3: 980 daAuts
  Temple: 196 daAuts
     D:4: 151 daAuts
     D:5: 1 daAuts
